 Dungeon Crawl Stone Soup version 0.28-a0-845-gfc338a8e3c (webtiles) character file.

Game seed: 11178038269776710964

23 Gargoyl the Skirmisher (level 3, 0/35 HPs)
             Began as a Gnoll Abyssal Knight on Nov 13, 2021.
             Was a Follower of Lugonu.
             Slain by Terence (11 damage)
             ... on level 1 of the Dungeon.
             The game lasted 00:02:34 (1343 turns).

Gargoyl the Skirmisher (Gnoll Abyssal Knight)       Turns: 1343, Time: 00:02:35

Health: 0/35       AC:  9    Str: 13    XL:     3   Next: 0%
Magic:  6/6        EV:  6    Int:  9    God:    Lugonu [*.....]
Gold:   45         SH:  0    Dex: 12    Spells: 3/3 levels left

rFire   . . .      SeeInvis .   a - +2 hand axe
rCold   . . .      Faith    .   (no shield)
rNeg    . . .      Spirit   .   h - +0 chain mail
rPois   +          Reflect  .   (no helmet)
rElec   .          Harm     .   (no cloak)
rCorr   .          Rampage  .   (no gloves)
Will    .....                   (no boots)
Stlth   ..........              (no amulet)
HPRegen 0.11/turn               d - ring of poison resistance
MPRegen 0.10/turn               (no ring)

@: no status effects
A: fangs 1, strong nose, distributed training
a: Renounce Religion, Depart the Abyss


You were on level 1 of the Dungeon.
You worshipped Lugonu.
Lugonu was aware of your devotion.
You visited 1 branch of the dungeon, and saw 2 of its levels.
You visited the Abyss 1 time.

You collected 45 gold pieces.

Inventory:

Hand Weapons
 a - a +2 hand axe (weapon)
Missiles
 e - 5 curare-tipped darts (quivered)
Armour
 h - a +0 chain mail (worn)
Jewellery
 d - a ring of poison resistance (left hand)
Scrolls
 f - a scroll of vulnerability


   Skills:
 + Level 6.5 Fighting
 + Level 0.5 Short Blades
 + Level 0.5 Long Blades
 + Level 4.5 Axes
 + Level 0.5 Maces & Flails
 + Level 0.5 Polearms
 + Level 0.5 Staves
 + Level 0.5 Slings
 + Level 0.5 Bows
 + Level 0.5 Crossbows
 + Level 0.5 Throwing
 + Level 4.5 Armour
 + Level 2.5 Dodging
 + Level 0.5 Stealth
 + Level 0.5 Shields
 + Level 0.5 Unarmed Combat
 + Level 0.5 Spellcasting
 + Level 0.4 Conjurations
 + Level 0.4 Hexes
 + Level 0.4 Summonings
 + Level 0.4 Necromancy
 + Level 0.4 Translocations
 + Level 0.4 Transmutations
 + Level 0.4 Fire Magic
 + Level 0.4 Ice Magic
 + Level 0.4 Air Magic
 + Level 0.4 Earth Magic
 + Level 0.4 Poison Magic
 + Level 4.5 Invocations
 + Level 0.5 Evocations


You had 3 spell levels left.
You didn't know any spells.
Your spell library contained the following spells:

 Spells                   Type           Power      Damage    Failure   Level
 Foxfire                  Conj/Fire      0%         2x1d4     100%        1
 Conjure Flame            Conj/Fire      0%         6-21      100%        3
 Inner Flame              Hex/Fire       0%         N/A       100%        3
 Flame Wave               Conj/Fire      0%         3d3       100%        4


Dungeon Overview and Level Annotations

Branches:
Dungeon (2/15)

Altars:

Annotations:
D:1 Terence


Innate Abilities, Weirdness & Mutations

You have very sharp teeth.
Your uncanny sense of smell can sniff out nearby items.
Your experience applies equally to all skills.


Message History

Terence shouts, "Now you die!"
Terence hits you with a +2 flail of holy wrath.
You barely miss Terence.
Terence hits you with a +2 flail of holy wrath.
You hit Terence.
Terence is lightly wounded.
Terence hits you with a +2 flail of holy wrath.
You closely miss Terence.
Terence is lightly wounded.
Terence hits you with a +2 flail of holy wrath.
You hit Terence.
Terence is moderately wounded.
Terence hits you with a +2 flail of holy wrath.
You hit Terence but do no damage. You bite Terence, but do no damage.
Terence is moderately wounded.
Terence closely misses you.
Unknown command.
You barely miss Terence.
Terence is moderately wounded.
Terence hits you with a +2 flail of holy wrath.
There is a stone staircase leading up here.
Terence hits you but does no damage.
You climb upwards.
There is a stone staircase leading down here.
You hit Terence.
Terence is moderately wounded.
Terence hits you with a +2 flail of holy wrath.
You hit Terence but do no damage.
Terence is moderately wounded.
Terence barely misses you.
You aren't carrying any potions.
As you read the scroll labelled CIALAU SUOSO, it crumbles to dust.
It is a scroll of identify.
f - a scroll of vulnerability Terence hits you with a +2 flail of holy wrath.
As you read the scroll labelled YNNAYHUWAZI, it crumbles to dust.
It is a scroll of enchant weapon.
Your +1 hand axe glows red for a moment.
Terence hits you with a +2 flail of holy wrath!
You die...

#.................#..
#...............###..
#...............# #..
###............## ###
#............# ####
#............###...
#............##8...
###..@.........##...8
#...@...........#8...
#.............(.##...
#....##.........##...
####............#####
#.................
#...........######
#..........##
#...........#
##...........######


You could see Terence.

Vanquished Creatures
  2 dart slugs (D:1)
  3 bats (D:1)
  A giant cockroach (D:1)
  A goblin (D:1)
  A hobgoblin (D:1)
  3 kobolds (D:1)
  A ball python (D:1)
  3 frilled lizards (D:1)
  4 rats (D:1)
19 creatures vanquished.

Notes
Turn   | Place    | Note
-------+----------+-------------------------------------------
     0 | Abyss:1  | Gargoyl the Gnoll Abyssal Knight began the quest for the
                  | Orb.
     0 | Abyss:1  | Reached XP level 1. HP: 23/23 MP: 3/3
    78 | Abyss:2  | Noticed an iron imp
    94 | Abyss:2  | Noticed a smoke demon
    95 | Abyss:2  | Noticed a reaper
    97 | D:1      | Escaped the Abyss
   331 | D:1      | Reached XP level 2. HP: 21/29 MP: 5/5
   452 | D:1      | Reached * piety under Lugonu
  1230 | D:1      | Reached XP level 3. HP: 35/35 MP: 6/6
  1254 | D:1      | Found a faded altar of an unknown god.
  1323 | D:2      | Noticed Terence
  1343 | D:1      | Slain by Terence

Illustrated notes

Levels and vault maps discovered:
D:1:      mrwooster_arrival_statue_3, layout_basic,
          dreamdust_ecumenical_altar_hidden_monk_grotto, roderic_serpentine_path
D:2:      layout_loops_corners, lightli_corner_chamber, uniq_terence

Action                   || total
-------------------------++-------
Melee: Hand axe          ||    56
       Bite              ||     3
Invok: Depart the Abyss  ||     1
  Use: Scroll            ||     4
Armor: Leather armour    ||    14
       Chain mail        ||     6
Dodge: Dodged            ||    45

Table legend: (Time is in decaauts)
 A = Elapsed time spent in this place.
 B = Non-inter-level travel time spent in this place.
 C = Inter-level travel time spent in this place.
 D = Time resting spent in this place.
 E = Time spent auto-exploring this place.
 F = Levels seen in this place.
 G = Mean time per level.
                   A        B        C        D        E       F      G
               +--------+--------+--------+--------+--------+-----+--------+
         Total |   1347 |   1246 |    101 |      0 |   1011 |   4 |  336.8 |
       Dungeon |   1250 |   1149 |    101 |      0 |    944 |   2 |  625.0 |
         Abyss |     96 |     96 |      0 |      0 |     67 |   2 |   48.0 |
               +--------+--------+--------+--------+--------+-----+--------+

Top non-repeatable levels by time:
     D:1: 1233 daAuts
 Abyss:1: 50 daAuts
 Abyss:2: 46 daAuts
     D:2: 17 daAuts
